[Event "Titled Tuesday Blitz May 4 2021"]
[White "Banawa, Joel"]
[Black "Pein, Jonathan"]
[WhiteFideId "2024055"]
[BlackFideId "417092"]
[WhiteElo "2657"]
[BlackElo "2167"]
[Result "1/2-1/2"]
[Round "01"]
[TimeControl "180+1"]
[Date "2021.05.04"]
[WhiteClock "0:00:08"]
[BlackClock "0:00:21"]

1. e4 d5 2. exd5 Qxd5 3. Nf3 Nf6 4. Nc3 Qd6 5. d4 e6 6. Nb5 Qd8 7. Bf4 Nd5 8. Bg3 a6 9. Nc3 Bb4 10. Qd3 c5 11. a3 Qa5 12. Rc1 Bxc3+ 13. bxc3 cxd4 14. Nxd4 Qxc3+ 15. Qxc3 Nxc3 16. Bd3 Bd7 17. O-O Nc6 18. Nb3 O-O 19. Nc5 Bc8 20. Rfe1 b6 21. Nb3 Bb7 22. Nd2 Ne7 23. Nc4 Ned5 24. Nd6 Bc6 25. f4 g6 26. Rf1 Rfd8 27. Nc4 Bb5 28. Bh4 f6 29. Rfe1 Kf7 30. Bg3 Rac8 31. Nb2 Bxd3 32. Nxd3 h5 33. h3 Na2 34. Rb1 Rxc2 35. Bf2 Nac3 36. Rb3 Ne2+ 37. Kf1 Nexf4 38. Nxf4 Nxf4 39. Rxb6 Nd3 40. Rb7+ Kf8 41. Bb6 Rd6 42. Rd1 e5 43. Ba5 Rd4 44. Rb8+ Kf7 45. Rb7+ Ke6 46. Rb6+ Kf5 47. Rxa6 Rf2+ 48. Kg1 Ra2 49. Bb6 Rd6 50. a4 e4 51. Ra5+ Ke6 52. Be3 f5 53. Ra8 f4 54. Bc1 Ra1 55. Rc8 Nxc1 56. Rdxc1 Rxa4 57. Re8+ Kf5 58. Rc5+ Kf6 59. Rf8+ Kg7 60. Rxf4 Re6 61. Rc7+ Kg8 62. Rf1 Ra8 63. Re1 Rae8 64. Rc2 e3 65. Rce2 Kf7 66. Kh2 Kf6 67. Kg3 g5 68. Kf3 Kg6 69. Rxe3 Rf8+ 70. Kg3 Rxe3+ 71. Rxe3 Rf6 72. Re5 h4+ 73. Kh2 Rf4 74. Re8 Rf6 75. Kg1 Kf5 76. Re2 Kg6 77. Re3 Rf5 78. g3 hxg3 79. Rxg3 Kh5 80. Rc3 Rf4 81. Kg2 Rf5 82. Kg3 Ra5 83. Re3 Rb5 84. Ra3 Rc5 85. Rd3 Rb5 86. Kf3 Rb1 87. Ke4 Re1+ 88. Kf5 Rf1+ 89. Ke5 Rf8 90. Ke4 Kh4 91. Rd5 Rf4+ 92. Ke3 Rf8 93. Ke2 Rg8 94. Kf2 Kxh3 95. Rd3+ Kg4 96. Rd4+ Kh5 97. Kg3 Re8 98. Rd3 Re4 99. Rb3 Rc4 100. Ra3 Rg4+ 101. Kh3 Rf4 102. Kg3 Rh4 103. Ra8 Rf4 104. Rh8+ Kg6 105. Rg8+ Kf5 106. Rf8+ Ke5 107. Rg8 Kf5 108. Rf8+ Ke5 109. Rg8 Kf5 1/2-1/2


[Site "https://www.chess.com"]

[Event "Titled Tuesday Blitz May 4 2021"]
[White "Baradaran, Arman"]
[Black "Oliveira, Silvio Eduardo"]
[WhiteFideId "880515"]
[BlackFideId "2111560"]
[WhiteElo "2132"]
[BlackElo "2302"]
[Result "0-1"]
[Round "01"]
[TimeControl "180+1"]
[Date "2021.05.04"]
[WhiteClock "0:00:10"]
[BlackClock "0:00:13"]

1. d4 Nf6 2. c4 e6 3. g3 d5 4. Nf3 Be7 5. Bg2 O-O 6. O-O dxc4 7. Qc2 a6 8. a4 Bd7 9. Qxc4 Bc6 10. Bf4 Bd6 11. Nc3 Nbd7 12. Qd3 Bxf4 13. gxf4 a5 14. Rfd1 Nd5 15. e3 Nb4 16. Qe2 Nf6 17. e4 Nh5 18. Qd2 Qf6 19. d5 exd5 20. exd5 Rad8 21. Nd4 Bxd5 22. Nxd5 Nxd5 23. Ne2 Ndxf4 24. Qe3 Rde8 25. Nxf4 Nxf4 26. Qf3 Re2 27. Re1 Rfe8 28. Rxe2 Rxe2 29. Rd1 g5 30. h4 Rxb2 31. Kh2 h6 32. Rc1 c6 33. Rc5 Qd6 34. Rf5 Ng6+ 35. Qg3 Qxg3+ 36. fxg3 gxh4 37. Rf3 hxg3+ 38. Rxg3 Kf8 39. Kg1 Nf4 40. Bf1 Ne2+ 41. Bxe2 Rxe2 42. Rb3 Re4 43. Rxb7 Rxa4 44. Rb8+ Kg7 45. Rb6 Rc4 46. Ra6 a4 47. Kf2 h5 48. Ke3 Rc3+ 49. Kd4 Rg3 50. Rxc6 a3 51. Ra6 h4 52. Ra5 h3 53. Rh5 a2 54. Ra5 Rg2 55. Ke3 h2 56. Rh5 a1=Q 57. Rg5+ Rxg5 58. Kf4 Qe5+ 59. Kf3 Rg3+ 60. Kf2 Qf4+ 61. Ke1 h1=Q+ 62. Ke2 Qh2+ 63. Ke1 Rg1# 0-1


[Site "https://www.chess.com"]

[Event "Titled Tuesday Blitz May 4 2021"]
[White "Bartel, Michal"]
[Black "Amorim, Daniel Madson De Medeiro"]
[WhiteFideId "1119257"]
[BlackFideId "2124912"]
[WhiteElo "2271"]
[BlackElo "2179"]
[Result "0-1"]
[Round "01"]
[TimeControl "180+1"]
[Date "2021.05.04"]
[WhiteClock "0:00:12"]
[BlackClock "0:00:18"]

1. e4 e6 2. d4 d5 3. Nc3 Nf6 4. e5 Nfd7 5. Nce2 c5 6. c3 Nc6 7. Nf3 Be7 8. g3 O-O 9. h4 f6 10. Nf4 Nb6 11. exf6 Rxf6 12. Bh3 Qc7 13. O-O Bd7 14. Re1 Raf8 15. Ng5 e5 16. Bxd7 Qxd7 17. dxe5 Rf5 18. e6 Qc7 19. Ngh3 h6 20. Be3 d4 21. cxd4 cxd4 22. Bd2 g5 23. hxg5 hxg5 24. Nd3 Rf3 25. Nxg5 Rxg3+ 26. fxg3 Qxg3+ 27. Kh1 Qh4+ 28. Kg2 Bxg5 29. e7 Nxe7 30. Rxe7 Bxe7 31. Qe2 Bd6 32. Rh1 Qg3# 0-1


[Site "https://www.chess.com"]

[Event "Titled Tuesday Blitz May 4 2021"]
[White "Bashirli, Saadat"]
[Black "Pantzar, Milton"]
[WhiteFideId "13429990"]
[BlackFideId "1721003"]
[WhiteElo "1153"]
[BlackElo "2323"]
[Result "0-1"]
[Round "01"]
[TimeControl "180+1"]
[Date "2021.05.04"]
[WhiteClock "0:01:06"]
[BlackClock "0:01:34"]

1. d4 d5 2. Bg5 c5 3. dxc5 h6 4. Bf4 Nc6 5. e3 e5 6. Bg3 Bxc5 7. Nc3 Nf6 8. Nf3 d4 9. exd4 exd4 10. Nb5 O-O 11. Nc7 Bg4 12. Nxa8 Bb4+ 13. c3 dxc3 14. Qxd8 cxb2+ 15. Nd2 Rxd8 16. Rb1 Bxd2# 0-1


[Site "https://www.chess.com"]

[Event "Titled Tuesday Blitz May 4 2021"]
[White "Belanoff, Ted"]
[Black "Golizadeh, Asghar"]
[WhiteFideId "2070588"]
[BlackFideId "12505269"]
[WhiteElo "2173"]
[BlackElo "2403"]
[Result "0-1"]
[Round "01"]
[TimeControl "180+1"]
[Date "2021.05.04"]
[WhiteClock "0:01:15"]
[BlackClock "0:00:57"]

1. d4 Nf6 2. c4 e6 3. Nc3 Bb4 4. a3 Bxc3+ 5. bxc3 h6 6. Bf4 b6 7. Nf3 Bb7 8. e3 d6 9. Bd3 Nbd7 10. O-O Qe7 11. Ne1 e5 12. Bg3 O-O 13. Bc2 Rfe8 14. Nd3 Rad8 15. f3 exd4 16. exd4 c5 17. Re1 Qf8 18. Nf4 Rxe1+ 19. Bxe1 d5 20. cxd5 Nxd5 21. Nxd5 Bxd5 22. Qd3 Nf6 23. c4 Bb7 24. d5 Ba6 25. Bc3 Rxd5 26. Qe2 Rd6 27. Re1 Re6 28. Qd3 Rxe1+ 29. Bxe1 Qe7 30. Bc3 Qe6 31. Bxf6 Qxf6 32. Qh7+ Kf8 33. h3 Qd4+ 34. Kh1 Qa1+ 35. Kh2 Qe5+ 36. Kh1 Bxc4 37. Be4 Qa1+ 38. Kh2 Qe5+ 39. Kh1 Ke7 40. Qg8 Qd4 41. Qb8 Qd1+ 42. Kh2 Qd6+ 43. Qxd6+ Kxd6 0-1


[Site "https://www.chess.com"]

[Event "Titled Tuesday Blitz May 4 2021"]
[White "Bendayan Claros, Aaron"]
[Black "Suvorov, Alexander"]
[WhiteFideId "3803392"]
[BlackFideId "12977063"]
[WhiteElo "2166"]
[BlackElo "2221"]
[Result "0-1"]
[Round "01"]
[TimeControl "180+1"]
[Date "2021.05.04"]
[WhiteClock "0:00:04"]
[BlackClock "0:00:06"]

1. d4 Nf6 2. Bg5 d6 3. Bxf6 gxf6 4. g3 f5 5. Bg2 c6 6. e3 Bg7 7. Ne2 Nd7 8. O-O Nf6 9. Qd3 O-O 10. c4 Qc7 11. Nbc3 e5 12. dxe5 dxe5 13. Rad1 Be6 14. b3 Rad8 15. Qc2 e4 16. Rxd8 Rxd8 17. Rd1 Ng4 18. Nf4 Ne5 19. Nce2 c5 20. Nc3 Rxd1+ 21. Qxd1 Nd3 22. Ncd5 Bxd5 23. Nxd3 Be6 24. Nf4 Be5 25. Nd5 Qa5 26. a4 Qd8 27. Bf1 a6 28. Be2 b5 29. axb5 axb5 30. Kg2 bxc4 31. bxc4 Qb8 32. Qc2 Kg7 33. h3 Qa8 34. Qd2 Qb7 35. Bf1 Qb3 36. Be2 Kg6 37. g4 fxg4 38. hxg4 Qb8 39. Ne7+ Kg7 40. Nd5 Qd8 41. Qc2 Qh4 42. Qxe4 Qh2+ 43. Kf1 Bd6 44. Nf4 Bxf4 45. exf4 Qh3+ 46. Kg1 Bxg4 47. f3 Qg3+ 48. Kf1 Bh3# 0-1


[Site "https://www.chess.com"]

[Event "Titled Tuesday Blitz May 4 2021"]
[White "Bernadskiy, Vitaliy"]
[Black "Gonzalez, Francisco Silva"]
[WhiteFideId "14100371"]
[BlackFideId "1512285"]
[WhiteElo "2534"]
[BlackElo "2159"]
[Result "1-0"]
[Round "01"]
[TimeControl "180+1"]
[Date "2021.05.04"]
[WhiteClock "0:00:34"]
[BlackClock "0:00:54"]

1. e4 e5 2. Nf3 Nc6 3. d4 exd4 4. Nxd4 Bc5 5. Nb3 Bb6 6. Nc3 Nge7 7. Qe2 d6 8. Be3 O-O 9. O-O-O f5 10. f4 Qe8 11. g3 Qf7 12. Bg2 Re8 13. Kb1 Be6 14. Rhe1 Na5 15. Bxb6 axb6 16. e5 Nec6 17. Nd5 dxe5 18. fxe5 Nxb3 19. axb3 Ra5 20. c4 Rea8 21. Qd2 f4 22. Be4 fxg3 23. hxg3 Bf5 24. Qf4 Bxe4+ 25. Rxe4 Qg6 26. e6 Rxd5 27. cxd5 Rf8 28. Qg4 Ne5 29. Qxg6 Nxg6 30. d6 cxd6 31. Rxd6 Re8 32. e7 Kf7 33. Rxb6 Nxe7 34. Rxb7 Kf6 35. b4 h5 36. b5 g5 37. b6 g4 38. Rbxe7 Rc8 39. b7 Rb8 40. Rh7 Kf5 41. Rb4 Kg6 42. Rc7 Kf5 43. Rc8 Rxb7 44. Rxb7 Ke4 45. Rf8 h4 46. Re7+ Kd3 47. Rd8+ Kc4 48. Rc7+ Kb5 49. Rb8+ Ka6 50. Rc3 Ka7 51. Rb4 1-0


[Site "https://www.chess.com"]

[Event "Titled Tuesday Blitz May 4 2021"]
[White "Bommini, Mounika Akshaya"]
[Black "Ozkan, Ervin"]
[WhiteFideId "25019872"]
[BlackFideId "6306004"]
[WhiteElo "1610"]
[BlackElo "2226"]
[Result "0-1"]
[Round "01"]
[TimeControl "180+1"]
[Date "2021.05.04"]
[WhiteClock "0:00:12"]
[BlackClock "0:00:32"]

1. d4 d5 2. Nc3 Nf6 3. Bf4 e6 4. e3 Bb4 5. a3 Bxc3+ 6. bxc3 c5 7. g4 Qa5 8. Ne2 Nc6 9. f3 b6 10. Qd2 Ba6 11. Nc1 Bxf1 12. Rxf1 Qa6 13. Qe2 Qa4 14. Nd3 Nd7 15. Bd6 Qa5 16. Qd2 Rc8 17. Kf2 cxd4 18. exd4 Nxd4 19. Bb4 Qa4 20. Nb2 Qxc2 21. Qxc2 Nxc2 22. Rac1 Nxb4 23. cxb4 Ke7 24. Nd3 Kd6 25. Ke3 Ne5 26. Nxe5 Kxe5 27. f4+ Kd6 28. Kd4 f6 29. Rfe1 e5+ 30. fxe5+ fxe5+ 31. Kd3 Rhf8 32. Rxc8 Rxc8 33. Rf1 e4+ 34. Kd4 Rc4+ 35. Ke3 Rc3+ 36. Kd2 Rxa3 37. Rf7 d4 38. Rxg7 Ra2+ 39. Kd1 e3 0-1


[Site "https://www.chess.com"]

[Event "Titled Tuesday Blitz May 4 2021"]
[White "Bon, Michael"]
[Black "Bologan, Victor"]
[WhiteFideId "620696"]
[BlackFideId "13900048"]
[WhiteElo "2436"]
[BlackElo "2511"]
[Result "1-0"]
[Round "01"]
[TimeControl "180+1"]
[Date "2021.05.04"]
[WhiteClock "0:00:05"]
[BlackClock "0:00:07"]

1. e4 c5 2. Nf3 d6 3. d4 cxd4 4. Nxd4 Nf6 5. Nc3 a6 6. Bg5 e6 7. f4 Qc7 8. Bxf6 gxf6 9. Qd2 b5 10. Bd3 Bb7 11. O-O-O Nd7 12. Rhe1 O-O-O 13. f5 Nc5 14. a3 h5 15. Kb1 e5 16. Nb3 Kb8 17. Bf1 Bh6 18. Qf2 Nxb3 19. cxb3 Qc5 20. Qe2 b4 21. Nd5 bxa3 22. b4 Qc6 23. bxa3 Qa4 24. Qc2 Qxc2+ 25. Kxc2 Rc8+ 26. Kb3 Bg5 27. Bc4 h4 28. Rd3 Rc6 29. Re2 Rhc8 30. Rc2 Rh8 31. Rdc3 Bf4 32. Nxf4 exf4 33. Bd5 Rxc3+ 34. Rxc3 Rg8 35. Bxb7 Kxb7 36. Rh3 Rxg2 37. Rxh4 f3 38. h3 Re2 39. Rf4 f2 40. Ka4 Kb6 41. h4 Rxe4 42. Rxf2 Rxh4 43. Rd2 Kc6 44. Ka5 Rh3 45. a4 Rh4 46. b5+ axb5 47. axb5+ Kc7 48. b6+ Kc6 49. Rc2+ Kb7 50. Rc7+ Kb8 51. Rxf7 Rd4 52. Rxf6 Rd1 53. Kb5 d5 54. Kc6 Rc1+ 55. Kxd5 Rc8 56. Ke6 Kb7 57. Kf7 Rf8+ 58. Kxf8 1-0


[Site "https://www.chess.com"]

[Event "Titled Tuesday Blitz May 4 2021"]
[White "Bongo Akanga Ndjila, Barthelemy"]
[Black "Reprintsev, Alexander"]
[WhiteFideId "10609431"]
[BlackFideId "14100541"]
[WhiteElo "1803"]
[BlackElo "2194"]
[Result "0-1"]
[Round "01"]
[TimeControl "180+1"]
[Date "2021.05.04"]
[WhiteClock "0:00:50"]
[BlackClock "0:02:24"]

1. e4 d5 2. exd5 Qxd5 3. d4 Nc6 4. Nf3 Bg4 5. c4 Qf5 6. Be2 O-O-O 7. d5 e6 8. Nc3 exd5 9. cxd5 Bb4 10. O-O Bxc3 11. bxc3 Qxd5 12. Nd4 Bxe2 13. Qxe2 Nxd4 14. cxd4 Nf6 0-1


[Site "https://www.chess.com"]

[Event "Titled Tuesday Blitz May 4 2021"]
[White "Brunner, Nicolas"]
[Black "Ptacnikova, Lenka"]
[WhiteFideId "620246"]
[BlackFideId "305650"]
[WhiteElo "2372"]
[BlackElo "1984"]
[Result "0-1"]
[Round "01"]
[TimeControl "180+1"]
[Date "2021.05.04"]
[WhiteClock "0:00:01"]
[BlackClock "0:00:06"]

1. d4 Nf6 2. c4 e6 3. g3 Bb4+ 4. Bd2 Be7 5. Nf3 d5 6. Bg2 c5 7. dxc5 Bxc5 8. O-O O-O 9. cxd5 Nxd5 10. e4 Nb4 11. Bxb4 Bxb4 12. Qb3 Qb6 13. Nc3 Nc6 14. a3 Bc5 15. Qxb6 Bxb6 16. Rfd1 e5 17. Nd5 Bd4 18. Nxd4 Nxd4 19. Bf1 Bg4 20. Rd3 f6 21. Rc3 Rf7 22. Rac1 Rd8 23. Bc4 Kf8 24. Kg2 Be6 25. f3 Rfd7 26. Kf2 Rd6 27. Ba2 Rc6 28. Rxc6 Nxc6 29. Ke3 Kf7 30. f4 exf4+ 31. gxf4 g6 32. f5 gxf5 33. exf5 Bxd5 34. Bxd5+ Rxd5 35. Kf4 Rd4+ 36. Kg3 Rd2 37. b4 Rd3+ 38. Kf4 Rxa3 39. b5 Ne7 40. Rc7 b6 41. h4 Rb3 42. Rxa7 Rxb5 43. Kg4 Rxf5 44. Rb7 Rb5 45. h5 h6 46. Kh4 Ke6 47. Kg4 Rb4+ 0-1


[Site "https://www.chess.com"]

[Event "Titled Tuesday Blitz May 4 2021"]
[White "Budrewicz, Krzysztof"]
[Black "Rios Parra, Alejandro"]
[WhiteFideId "1127950"]
[BlackFideId "4400348"]
[WhiteElo "2276"]
[BlackElo "2188"]
[Result "1-0"]
[Round "01"]
[TimeControl "180+1"]
[Date "2021.05.04"]
[WhiteClock "0:00:06"]
[BlackClock "0:00:02"]

1. d4 Nf6 2. c4 e6 3. Nf3 c5 4. d5 b5 5. dxe6 fxe6 6. cxb5 d5 7. Nc3 a6 8. e4 d4 9. e5 dxc3 10. Qxd8+ Kxd8 11. exf6 gxf6 12. bxc3 Bb7 13. Bf4 axb5 14. Bxb5 Rg8 15. O-O-O Kc8 16. Rhe1 e5 17. Bg3 Rxa2 18. Bc4 Ra1+ 19. Kb2 Rxd1 20. Rxd1 Bxf3 21. gxf3 Rg7 22. f4 Nd7 23. Be6 Kc7 24. Kb3 Bd6 25. Bxd7 Rxd7 26. fxe5 Bxe5 27. Ra1 Bxg3 28. fxg3 Kb6 29. Kc4 Rd2 30. Rf1 Rxh2 31. Rxf6+ Kc7 32. Kxc5 Rh5+ 33. Kd4 Rg5 34. Rf3 h5 35. Ke4 Kd6 36. Ke3 Kd5 37. Kf2 Kc4 38. Kg2 1-0


[Site "https://www.chess.com"]

[Event "Titled Tuesday Blitz May 4 2021"]
[White "Bugayev, Vladimir"]
[Black "Maiorov, Nikita"]
[WhiteFideId "30901480"]
[BlackFideId "13501720"]
[WhiteElo "2336"]
[BlackElo "2440"]
[Result "1-0"]
[Round "01"]
[TimeControl "180+1"]
[Date "2021.05.04"]
[WhiteClock "0:00:21"]
[BlackClock "0:00:33"]

1. e4 e5 2. Nf3 Nc6 3. d4 exd4 4. Nxd4 Bc5 5. Nb3 Bb6 6. Nc3 d6 7. Qe2 Nge7 8. Be3 O-O 9. O-O-O f5 10. f4 fxe4 11. g3 Kh8 12. Bg2 Bxe3+ 13. Qxe3 Nf5 14. Qxe4 Re8 15. Qf3 a5 16. a4 Be6 17. Rhe1 Bxb3 18. cxb3 Qf6 19. Nd5 Qf7 20. Qc3 Nb4 21. Nxb4 axb4 22. Qd3 c6 23. Be4 Nh6 24. Bxh7 Rxe1 25. Rxe1 Re8 26. Rxe8+ Qxe8 27. Qe4 Qf8 28. Bg6 Ng4 29. h3 Nf6 30. Qe6 d5 31. h4 Qc5+ 32. Kb1 Qf8 33. h5 Qd8 34. g4 d4 35. g5 Ng8 36. h6 gxh6 37. Qe5+ Nf6 38. gxf6 Kg8 39. f7+ 1-0


[Site "https://www.chess.com"]

[Event "Titled Tuesday Blitz May 4 2021"]
[White "Buksa, Nataliya"]
[Black "Kett, Tim"]
[WhiteFideId "14123622"]
[BlackFideId "1801210"]
[WhiteElo "2214"]
[BlackElo "2098"]
[Result "1/2-1/2"]
[Round "01"]
[TimeControl "180+1"]
[Date "2021.05.04"]
[WhiteClock "0:00:22"]
[BlackClock "0:00:22"]

1. d4 f5 2. Nc3 d5 3. g4 e6 4. Nf3 Nf6 5. g5 Ne4 6. h4 Bb4 7. Bd2 Nxd2 8. Qxd2 c5 9. a3 Qa5 10. e3 Nc6 11. Bb5 Bd7 12. Bxc6 bxc6 13. O-O Bxc3 14. bxc3 cxd4 15. exd4 O-O 16. Ne5 Be8 17. f4 c5 18. Rf2 Rc8 19. Nd3 cxd4 20. cxd4 Qxd2 21. Rxd2 Ba4 22. Nc5 Bb5 23. Re1 Rfe8 24. a4 Bc4 25. Rxe6 Rxe6 26. Nxe6 Re8 27. Nc5 Re1+ 28. Kg2 Kf7 29. h5 Ra1 30. c3 a5 31. Rb2 Rc1 32. Rb7+ Kg8 33. Ne6 Rc2+ 34. Kg3 Rxc3+ 35. Kh4 Bf1 36. g6 hxg6 37. hxg6 Rh3+ 38. Kg5 Rg3+ 39. Kxf5 Bh3+ 40. Ke5 Re3+ 41. Kd6 Rxe6+ 42. Kc5 Rxg6 43. Ra7 Bg2 44. Rxa5 Rf6 45. Ra8+ Kh7 46. a5 Bf1 47. f5 Rxf5 48. a6 Bxa6 49. Rxa6 g5 50. Ra1 Kg6 51. Rg1 Kh5 52. Kd6 g4 53. Ke6 Kg5 54. Rg2 Rf8 55. Kxd5 Kh4 56. Rg1 g3 57. Rh1+ Kg4 58. Ke6 g2 59. Rg1 Kg3 60. d5 Rf1 61. Rxg2+ Kxg2 62. d6 Rd1 63. d7 Rxd7 64. Kxd7 1/2-1/2


[Site "https://www.chess.com"]

[Event "Titled Tuesday Blitz May 4 2021"]
[White "Bures, Vit"]
[Black "Prithu Gupta"]
[WhiteFideId "309052"]
[BlackFideId "46618546"]
[WhiteElo "2131"]
[BlackElo "1775"]
[Result "1-0"]
[Round "01"]
[TimeControl "180+1"]
[Date "2021.05.04"]
[WhiteClock "0:00:05"]
[BlackClock "0:00:09"]

1. d4 Nf6 2. c4 e6 3. Nc3 Bb4 4. e3 O-O 5. Ne2 b6 6. a3 Bxc3+ 7. Nxc3 Bb7 8. Bd3 c5 9. d5 exd5 10. cxd5 d6 11. O-O a6 12. a4 Nbd7 13. e4 Re8 14. Bf4 c4 15. Bc2 Nc5 16. Qd4 Rc8 17. Bg5 Qe7 18. Rae1 Qe5 19. Qxe5 dxe5 20. Bxf6 gxf6 21. Re3 Kf8 22. f4 b5 23. axb5 axb5 24. Nxb5 Rb8 25. Nd6 Re7 26. Nxc4 Ba6 27. b3 f5 28. fxe5 Bxc4 29. bxc4 fxe4 30. e6 Rb4 31. Bxe4 Rxc4 32. Bxh7 Rd4 33. Bg6 Rxd5 34. Bxf7 Kg7 35. Rg3+ Kh7 36. Rf4 Rd1+ 37. Kf2 Nd3+ 38. Ke2 Nxf4+ 39. Kxd1 Nxe6 40. Bxe6 Rxe6 41. Kd2 Rd6+ 42. Ke2 Re6+ 43. Kf2 Rf6+ 44. Rf3 Ra6 45. h4 Ra4 46. Kg3 Kh6 47. Kh3 Kg6 48. g4 Kh6 49. Rb3 Kg6 50. Rb6+ Kg7 51. h5 Ra3+ 52. Kh4 Ra4 53. Rb7+ Kh6 54. Rb6+ Kg7 55. h6+ Kh7 56. Kh5 Ra5+ 57. g5 Rc5 58. Rb7+ Kh8 59. Re7 Kg8 60. Kg6 Rc6+ 61. Kf5 Rc5+ 62. Kf6 Rc6+ 63. Re6 Rc8 64. g6 Rf8+ 65. Kg5 1-0


[Site "https://www.chess.com"]

[Event "Titled Tuesday Blitz May 4 2021"]
[White "Camlar, Arda"]
[Black "Marin Masis, Jose Esteban"]
[WhiteFideId "44576692"]
[BlackFideId "6508146"]
[WhiteElo "2007"]
[BlackElo "1693"]
[Result "1-0"]
[Round "01"]
[TimeControl "180+1"]
[Date "2021.05.04"]
[WhiteClock "0:01:20"]
[BlackClock "0:00:34"]

1. c4 Nf6 2. Nc3 e6 3. Nf3 c5 4. g3 b6 5. Bg2 Bb7 6. O-O Be7 7. d4 cxd4 8. Qxd4 O-O 9. Rd1 Nc6 10. Qd2 Qc7 11. Nb5 Qc8 12. Nd6 Bxd6 13. Qxd6 Qb8 14. Bf4 Qxd6 15. Bxd6 Rfd8 16. Nd4 Rac8 17. b3 Ne8 18. Nxc6 dxc6 19. Be7 Rxd1+ 20. Rxd1 Nf6 21. Bxf6 gxf6 22. Rd7 Rb8 23. Bf3 Kf8 24. Bh5 c5 25. Rxf7+ Kg8 26. Rd7 h6 27. Bf7+ Kf8 28. Bxe6 Ke8 29. Rh7 Kd8 1-0


[Site "https://www.chess.com"]

[Event "Titled Tuesday Blitz May 4 2021"]
[White "Can, Melih Kaan"]
[Black "Ranindu2003"]
[WhiteFideId "6317383"]
[WhiteElo "2049"]
[BlackElo "2614"]
[Result "0-1"]
[Round "01"]
[TimeControl "180+1"]
[Date "2021.05.04"]
[WhiteClock "0:00:02"]
[BlackClock "0:00:10"]

1. e4 c5 2. Nf3 d6 3. d4 cxd4 4. Nxd4 Nf6 5. Nc3 a6 6. Bg5 e6 7. f4 Be7 8. Qf3 Nbd7 9. O-O-O Qc7 10. g4 b5 11. Bxf6 Nxf6 12. g5 Nd7 13. h4 Bb7 14. Bh3 Nc5 15. Rhe1 b4 16. Nd5 exd5 17. exd5 O-O 18. f5 Rfe8 19. f6 Bf8 20. fxg7 Bxg7 21. Nf5 b3 22. axb3 Qa5 23. Rxe8+ Rxe8 24. Kb1 Ne4 25. Qf4 Bxd5 26. Nxg7 Kxg7 27. h5 Kg8 28. Bf5 Nc5 29. g6 hxg6 30. hxg6 fxg6 31. Bxg6 Re1 32. Rxe1 Qxe1+ 33. Ka2 Qe5 34. Qh6 Qg7 35. Qg5 Ne6 36. Bf7+ Kxf7 37. Qxd5 Qe5 38. Qb7+ Kf6 39. Qxa6 Nc5 40. Qf1+ Ke7 41. Qd1 Qe4 42. c3 Qa8+ 43. Kb1 Qb7 44. Qe1+ Kd8 45. b4 Nd7 46. Qd2 Qc6 47. Kc2 Nb6 48. Qd3 d5 49. Qd4 Nc4 50. Qh8+ Kc7 51. Qg7+ Kb6 52. Qd4+ Kb5 53. b3 Nb6 54. Kd3 Qg6+ 55. Kd2 Qc6 56. Kd3 Nd7 57. Kd2 Ka6 58. Qd3+ Kb7 59. c4 dxc4 60. bxc4 Ne5 61. Qd5 Nxc4+ 0-1


[Site "https://www.chess.com"]

[Event "Titled Tuesday Blitz May 4 2021"]
[White "Ceres, Dragos"]
[Black "Gazis, Efstathios"]
[WhiteFideId "13905864"]
[BlackFideId "4200659"]
[WhiteElo "2118"]
[BlackElo "2225"]
[Result "1-0"]
[Round "01"]
[TimeControl "180+1"]
[Date "2021.05.04"]
[WhiteClock "0:01:20"]
[BlackClock "0:00:35"]

1. e4 c5 2. Nf3 e6 3. c3 d5 4. exd5 exd5 5. d4 Nc6 6. Bb5 Nf6 7. O-O Be7 8. dxc5 Bxc5 9. Nbd2 O-O 10. Nb3 Bb6 11. Bg5 h6 12. Bh4 Be6 13. Re1 Re8 14. Nbd4 g5 15. Bg3 Ne4 16. Nxc6 bxc6 17. Bxc6 Nxg3 18. hxg3 Qf6 19. Bxa8 Rxa8 20. Nd4 Rc8 21. Qd2 Kg7 22. Re3 Rc4 23. Rd3 Bd7 24. Re1 Rc8 25. Rf3 Qg6 26. Re7 Bg4 27. Rfxf7+ Qxf7 28. Qe3 Rf8 29. Rxf7+ Rxf7 30. Qe5+ Kg6 31. Qxd5 Re7 32. f3 Be6 33. Qe4+ Kg7 34. Kh2 Kf6 35. Nxe6 Rxe6 36. Qh7 Ke5 37. b3 Kd6 38. Kh3 Kc6 39. c4 Kc5 40. Qf5+ Kd6 41. Qd5+ Ke7 42. c5 Bc7 43. Qb7 Kd8 44. Qxa7 h5 45. g4 h4 46. Qa8+ Ke7 47. Qb7 Kd8 48. Qd5+ Ke7 49. Qxg5+ Kd7 50. Qg7+ Kc6 51. Kxh4 Bf4 52. g5 1-0


[Site "https://www.chess.com"]

[Event "Titled Tuesday Blitz May 4 2021"]
[White "Chabris, Christopher"]
[Black "Avila Pavas, Santiago"]
[WhiteFideId "2005263"]
[BlackFideId "4437128"]
[WhiteElo "2278"]
[BlackElo "2244"]
[Result "0-1"]
[Round "01"]
[TimeControl "180+1"]
[Date "2021.05.04"]
[WhiteClock "0:00:01"]
[BlackClock "0:00:21"]

1. e4 Nf6 2. e5 Nd5 3. d4 d6 4. Nf3 g6 5. Bc4 Nb6 6. Bb3 Bg7 7. Qe2 O-O 8. O-O Bg4 9. Rd1 Nc6 10. Bf4 e6 11. h3 Bxf3 12. Qxf3 Qe7 13. Qg3 dxe5 14. dxe5 Qc5 15. Nc3 Nxe5 16. Ne4 Qa5 17. Qh4 h5 18. Bg5 Ned7 19. Qg3 Qe5 20. Qf3 Qf5 21. Qe3 Nd5 22. Bxd5 exd5 23. Ng3 Qe6 24. Qb3 Nb6 25. Re1 Qc6 26. Qf3 Rfe8 27. Qf4 Qc4 28. Qd2 Bxb2 29. Rab1 Bc3 30. Rxe8+ Rxe8 0-1


[Site "https://www.chess.com"]

[Event "Titled Tuesday Blitz May 4 2021"]
[White "Chasin, Nico"]
[Black "Srisshhhtea"]
[WhiteFideId "30908477"]
[WhiteElo "2135"]
[BlackElo "2374"]
[Result "1-0"]
[Round "01"]
[TimeControl "180+1"]
[Date "2021.05.04"]
[WhiteClock "0:00:55"]
[BlackClock "0:00:07"]

1. d4 Nf6 2. c4 e6 3. Nf3 d5 4. g3 Be7 5. Bg2 O-O 6. O-O c6 7. Qc2 b6 8. Nbd2 Bb7 9. Ne5 Nbd7 10. Nd3 Rc8 11. b4 Qc7 12. c5 Ba6 13. Nf3 Ne4 14. Bf4 Qb7 15. Rab1 f6 16. a4 bxc5 17. bxc5 Qa8 18. Nb4 Bb7 19. a5 a6 20. Ne1 e5 21. Bh3 Rcd8 22. Be3 exd4 23. Bxd4 Ndxc5 24. f3 Ng5 25. Bg2 Nge6 26. Bf2 Nd7 27. Ned3 c5 28. Bh3 f5 29. Na2 c4 30. Ndb4 Rc8 31. Bxf5 Ndc5 32. Bxh7+ Kh8 33. Rfd1 Nb3 34. Bf5 Rxf5 35. Qxf5 Nec5 36. Nxd5 Bf8 37. Nb6 Qb8 38. Nxc8 Bxc8 39. Qxf8+ Kh7 40. Qxc5 1-0


[Site "https://www.chess.com"]

[Event "Titled Tuesday Blitz May 4 2021"]
[White "Chen, Forest"]
[Black "Can, Emre"]
[WhiteFideId "30908205"]
[BlackFideId "6302181"]
[WhiteElo "2496"]
[BlackElo "2503"]
[Result "1-0"]
[Round "01"]
[TimeControl "180+1"]
[Date "2021.05.04"]
[WhiteClock "0:00:17"]
[BlackClock "0:00:02"]

1. d4 Nf6 2. c4 g6 3. Nc3 d5 4. cxd5 Nxd5 5. e4 Nxc3 6. bxc3 Bg7 7. Nf3 O-O 8. Be3 c5 9. Qd2 Bg4 10. Be2 Nc6 11. d5 Bxf3 12. Bxf3 Ne5 13. Be2 Qa5 14. O-O Rad8 15. Rab1 b6 16. Bg5 f6 17. Bf4 Qa4 18. f3 f5 19. Bb5 Qa5 20. Bg5 Rf7 21. f4 Ng4 22. e5 a6 23. Bc6 c4 24. Qd4 b5 25. h3 Nh6 26. Rf2 Qc7 27. Rd1 Rff8 28. Qc5 Rf7 29. a4 Kh8 30. axb5 axb5 31. Qxb5 Ng8 32. Qxc4 h6 33. Bh4 e6 34. d6 Qb6 35. Qxe6 Rdf8 36. Be8 Ra7 37. Bxg6 Ra3 38. c4 Re3 39. Kh2 Qc5 40. Qd5 Qc8 41. d7 Qd8 42. Bxd8 1-0


[Site "https://www.chess.com"]

[Event "Titled Tuesday Blitz May 4 2021"]
[White "Chernikov, Vladimir"]
[Black "Rodrigue-Lemieux, Shawn"]
[WhiteFideId "14112914"]
[BlackFideId "2620049"]
[WhiteElo "2067"]
[BlackElo "1763"]
[Result "0-1"]
[Round "01"]
[TimeControl "180+1"]
[Date "2021.05.04"]
[WhiteClock "0:01:37"]
[BlackClock "0:01:46"]

1. c4 Nf6 2. Nf3 e6 3. e3 d5 4. b3 Be7 5. Bb2 O-O 6. Nc3 b6 7. cxd5 exd5 8. d4 Bb7 9. Bd3 c5 10. Qc2 Na6 11. a3 Rc8 12. O-O Nc7 13. Ne5 Ne6 14. dxc5 bxc5 15. Bf5 d4 16. Nxf7 Rxf7 17. Bxe6 dxc3 18. Bxc3 Qb6 19. Bxf7+ Kxf7 20. Rad1 Be4 21. Qb2 Rb8 22. Bxf6 Bxf6 23. Rd7+ Ke8 24. Qd2 Rd8 25. Rd1 Bc6 26. Rxd8+ Qxd8 27. Qxd8+ Bxd8 28. Rc1 Be7 29. b4 Kd7 30. bxc5 Bd5 31. f3 Kc6 32. e4 Bb3 33. Kf2 a5 34. Ke3 Bxc5+ 35. Kd3 Kb5 36. e5 Bxa3 37. f4 Bxc1 0-1


[Site "https://www.chess.com"]